 Dungeon Crawl Stone Soup version 0.30-a0-578-gdee14c521f (webtiles) character file.

Game seed: 4333593936769625980

584 wormed the Shooter (level 7, -8/36 HPs)
             Began as a Spriggan Hunter on Jan 1, 2023.
             Was an Initiate of Okawaru.
             Mangled by an ice beast (12 damage)
             ... on level 5 of the Dungeon.
             The game lasted 00:04:29 (3640 turns).

wormed the Shooter (Spriggan Hunter)                Turns: 3640, Time: 00:04:29

Health: -8/36      AC:  4    Str:  7    XL:     7   Next: 14%
Magic:  8/8        EV: 20    Int: 11    God:    Okawaru [......]
Gold:   222        SH:  0    Dex: 20    Spells: 6/6 levels left

rFire   . . .      SeeInvis +    a - +0 shortbow (heavy)
rCold   . . .      Faith    +    (shield currently unavailable)
rNeg    . . .      Spirit   .    c - +1 robe
rPois   .          Reflect  .    (helmet restricted)
rElec   .          Harm     .    x - +0 cloak
rCorr   .          Rampage  .    (gloves unavailable)
Will    +....                    (boots unavailable)
Stlth   +++                      p - amulet of faith
HPRegen 0.26/turn                (no ring)
MPRegen 0.11/turn                (no ring)

@: mighty, about to teleport, very quick
A: very small, no large weapons, unfitting armour, see invisible, speed 3
a: Renounce Religion


You were on level 5 of the Dungeon.
You worshipped Okawaru.
Okawaru was noncommittal.
You visited 2 branches of the dungeon, and saw 6 of its levels.

You collected 222 gold pieces.

Inventory:

Hand Weapons
 a - a +0 heavy shortbow (weapon)
Armour
 c - a +1 robe (worn)
 x - a +0 cloak (worn)
Jewellery
 p - an amulet of faith (around neck)
Scrolls
 b - 5 scrolls of immolation
 e - 2 scrolls of fog
 i - a scroll of butterflies
 l - 2 scrolls of poison
 m - a scroll of identify
 n - 2 scrolls of vulnerability
 o - a scroll of enchant armour
 r - 3 scrolls of magic mapping
Potions
 d - a potion of might
 f - a potion of magic {unknown}
 g - 2 potions of haste {unknown}
 h - 2 potions of ambrosia {unknown}
 k - 2 potions of heal wounds {unknown}
 q - a potion of mutation {unknown}
 s - 2 potions of curing {unknown}
 t - a potion of brilliance {unknown}
 u - a potion of cancellation {unknown}
 v - 2 potions of invisibility {unknown}
 z - 2 potions of lignification {unknown}


   Skills:
 + Level 3.1 Fighting
 * Level 6.3 Ranged Weapons
 + Level 5.2 Dodging
 + Level 5.4 Stealth


You had 6 spell levels left.
You didn't know any spells.
Your spell library contained the following spells:

 Spells                   Type           Power      Damage    Failure   Level
 Magic Dart               Conj           0%         1d3       34%         1
 Hailstorm                Conj/Ice       0%         3d3       71%         3
 Mephitic Cloud           Conj/Pois/Air  0%         N/A       71%         3
 Ozocubu's Armour         Ice            0%         N/A       71%         3
 Airstrike                Air            0%         2d(0-16)  98%         4
 Ice Form                 Ice/Tmut       0%         N/A       98%         4
 Lightning Bolt           Conj/Air       0%         1d11      100%        5
 Metabolic Englaciation   Hex/Ice        0%         N/A       100%        5
 Call Imp                 Summ           Unusable   N/A       N/A         2
 Summon Lightning Spire   Summ/Air       Unusable   N/A       N/A         4
 Simulacrum               Ice/Necr       Unusable   N/A       N/A         6

Dungeon Overview and Level Annotations

Branches:
Dungeon (5/15)             Temple (1/1) D:4

Altars:
Ashenzari
Cheibriados
Gozag
Kikubaaqudgha
Makhleb
Nemelex Xobeh
Okawaru
Sif Muna
Trog
Uskayaw
Wu Jian
Yredelemnul
Zin
The Shining One


Innate Abilities, Weirdness & Mutations

You are very small and have problems with some larger weapons.
You are too small for most types of armour.
You have supernaturally acute eyesight. (SInv)
You cover ground extremely quickly. (Speed+++)


Message History

As you read the scroll labelled KIWIAR ICHEU, it crumbles to dust.
You feel aware of your surroundings.
You sensed 1 altar.
It was a scroll of magic mapping.
The adder bites you. The ice beast barely misses you.
The air fills with toxic fumes!
As you read the scroll labelled QAN TUILORPH, it crumbles to dust.
It was a scroll of poison.
The adder completely misses you. The ice beast barely misses you.
The adder bites you but does no damage.
As you read the scroll labelled TYG WOGUBUH, it crumbles to dust.
The scroll dissolves into smoke.
It was a scroll of fog.
The ice beast hits you but does no damage.
The adder closely misses you.
As you read the scroll labelled LIDOGEU GIEKK, it crumbles to dust.
Nothing appears to happen.
It was a scroll of butterflies.
The adder barely misses you. The ice beast misses you.
As you read the scroll labelled MENIME YZOI, it crumbles to dust.
It is a scroll of identify.
n - 2 scrolls of vulnerability The adder closely misses you.
The ice beast misses you. The adder misses you.
As you read the scroll labelled AFOXKE AMAVEBI, it crumbles to dust.
It is a scroll of enchant armour.
Your +0 robe glows green for a moment.
The ice beast misses you. The adder bites you but does no damage.
As you read the scroll labelled UKUOGHIZIU, it crumbles to dust.
It is a scroll of brand weapon.
Your +0 shortbow becomes incredibly heavy!
a - a +0 heavy shortbow (weapon)
The ice beast barely misses you. The adder closely misses you.
As you read the scroll labelled GAITOKKIBAU, it crumbles to dust.
You feel strangely unstable.
It was a scroll of teleportation.
The adder closely misses you. The ice beast hits you.
The ice beast freezes you!
* * * LOW HITPOINT WARNING * * *
The adder completely misses you.
It was a potion of might.
You feel very mighty all of a sudden. The ice beast hits you.
* * * LOW HITPOINT WARNING * * *
The ice beast freezes you!
You die...

.......# #.#.##.#
.......####.#(##.#
.................#
.......####.#.##.#
.......####.#....#
.......'....####.#
.......###### #s#
..#.....# #S#
..#.###.# #@#
......#.# #Y#
###.#.#.#******#§#
......#.#,,,,,,☼☼#
##......#,*****###
........#,*
###.#...#,*
........#,*
###.#...#,*


You could see an ice beast, a scorpion and an adder.

Vanquished Creatures
  Grinder (D:4)
  A black bear (D:3)
  2 scorpions
  Crazy Yiuf (D:4)
  A jelly (D:2)
  An iguana (D:4)
  2 adders
  2 dart slugs
  5 orcs (D:3)
  6 bats
  5 endoplasms
  A giant cockroach (D:1)
  7 goblins
  10 hobgoblins
  4 jackals (D:1)
  A quokka (D:5)
  8 ball pythons
  5 frilled lizards
  4 kobolds
  7 rats
74 creatures vanquished.

Notes
Turn   | Place    | Note
-------+----------+-------------------------------------------
     0 | D:1      | wormed the Spriggan Hunter began the quest for the Orb.
     0 | D:1      | Reached XP level 1. HP: 10/10 MP: 2/2
   125 | D:1      | Reached XP level 2. HP: 15/15 MP: 3/3
   610 | D:1      | Reached XP level 3. HP: 18/18 MP: 4/4
  1044 | D:2      | Reached XP level 4. HP: 23/23 MP: 5/5
  1236 | D:2      | Found a burning altar of Makhleb.
  2152 | D:4      | Noticed a black bear
  2197 | D:3      | Killed a black bear
  2198 | D:3      | Reached skill level 5 in Ranged Weapons
  2198 | D:3      | Reached XP level 5. HP: 27/27 MP: 6/6
  2408 | D:4      | Found a runed translucent door.
  2409 | D:4      | Noticed Crazy Yiuf
  2449 | D:4      | Noticed Grinder
  2479 | D:4      | Paralysed by Grinder for 5 turns
  2487 | D:4      | Killed Grinder
  2488 | D:4      | Reached XP level 6. HP: 18/32 MP: 7/7
  2552 | D:4      | Found a staircase to the Ecumenical Temple.
  2577 | D:4      | Reached skill level 6 in Ranged Weapons
  2597 | Temple   | Entered the Ecumenical Temple
  2832 | Temple   | Became a worshipper of Warmaster Okawaru
  3259 | D:4      | Reached skill level 5 in Dodging
  3259 | D:4      | Reached skill level 5 in Stealth
  3433 | D:4      | Killed Crazy Yiuf
  3434 | D:4      | Reached XP level 7. HP: 36/36 MP: 8/8
  3482 | D:5      | Entered Level 5 of the Dungeon
  3482 | D:5      | Found a burning altar of Makhleb.
  3482 | D:5      | Found a basalt altar of Yredelemnul.
  3640 | D:5      | Mangled by an ice beast

Illustrated notes

Levels and vault maps discovered:
D:1:      amcnicky_arrival_abandoned_market, layout_basic, minmay_pentomino_x2
D:2:      layout_basic, basic_altar
D:3:      layout_rooms
D:4:      layout_basic, temple_fountains, uniq_grinder, uniq_crazy_yiuf_cottage
D:5:      layout_basic, nicolae_overflow_hidden_temple, minmay_manual_moon,
          uniq_prince_ribbit1
Temple:   chequers_temple_sunken

Skill      XL: |  1  2  3  4  5  6 |
---------------+-------------------+-----
Stealth        | 2 3 4 5 |  5.4
Dodging        | 3 4 5 |  5.2
Fighting       | 2 3 |  3.1
Ranged Weapons | 5 6 |  6.3

Action                   |  1- 3 |  4- 6 |  7- 9 || total
-------------------------+-------+-------+-------++-------
 Fire: Shortbow          |    83 |   134 |    22 ||   239
  Use: Scroll            |       |       |     8 ||     8
       Potion            |       |       |     1 ||     1
Armor: Robe              |     3 |     3 |     4 ||    10
Dodge: Dodged            |    29 |    44 |    35 ||   108

Table legend: (Time is in decaauts)
 A = Elapsed time spent in this place.
 B = Non-inter-level travel time spent in this place.
 C = Inter-level travel time spent in this place.
 D = Time resting spent in this place.
 E = Time spent auto-exploring this place.
 F = Levels seen in this place.
 G = Mean time per level.
                   A        B        C        D        E       F      G
               +--------+--------+--------+--------+--------+-----+--------+
         Total |   2533 |   2432 |    101 |      0 |   1937 |   6 |  422.2 |
       Dungeon |   2308 |   2228 |     80 |      0 |   1738 |   5 |  461.6 |
        Temple |    225 |    205 |     20 |      0 |    199 |   1 |  225.0 |
               +--------+--------+--------+--------+--------+-----+--------+

Top non-repeatable levels by time:
     D:4: 712 daAuts
     D:1: 672 daAuts
     D:2: 424 daAuts
     D:3: 387 daAuts
  Temple: 225 daAuts
     D:5: 112 daAuts
